 Dungeon Sprint DCSS version 0.27-a0-109-g416527ed24 (webtiles) character file.

Game seed: 8043092904406549565

12909 mhtbhm the Fencer (level 11, -3/112 (114) HPs)
             Began as a Minotaur Fighter on Jan 24, 2021.
             Was an Initiate of Gozag.
             Killed by divine providence
             ... invoked by an orc high priest
              (11 damage)
             ... in the Dungeon (Sprint IX: "|||||||||||||||||||||||||||||").
             The game lasted 00:03:49 (3181 turns).

mhtbhm the Fencer (Minotaur Fighter)                Turns: 3181, Time: 00:03:51

HP:   -3/112 (114)  AC: 14    Str: 24    XL:     11   Next: 68%
MP:   10/10         EV: 13    Int: 11    God:    Gozag
Gold: 5696          SH: 14    Dex: 10    Spells: 10/10 levels left

rFire    . . .     SeeInvis .   a - +2 scimitar (holy)
rCold    . . .     Faith    .   c - +0 kite shield
rNeg     . . .     Spirit   .   b - +1 scale mail
rPois    .         Reflect  .   (helmet restricted)
rElec    .         Harm     .   o - +0 cloak
rCorr    .         Rampage  .   v - +0 pair of gloves
Will     .....     NoTele   +   (no boots)
Stlth    +.........             (no amulet)
HPRegen  0.28/turn              p - +3 ring of intelligence
MPRegen  0.12/turn              q - +3 ring of intelligence

@: gold aura, berserk cooldown, slowed, lightly drained, very slow
A: retaliatory headbutt, horns 2
a: Renounce Religion, Potion Petition, Call Merchant, Bribe Branch


You were in the Dungeon.
You worshipped Gozag.
Gozag was greatly pleased with you.
You visited 1 branch You collected 6047 gold pieces.
You paid 351 gold pieces to Gozag.

Inventory:

Hand Weapons
 a - a +2 scimitar of holy wrath (weapon)
Armour
 b - a +1 scale mail (worn)
 c - a +0 kite shield (worn)
 o - a +0 cloak (worn)
 v - a +0 pair of gloves (worn)
Jewellery
 p - a +3 ring of intelligence (left hand)
 q - a +3 ring of intelligence (right hand)
Wands
 n - a wand of iceblast (8)
 w - a wand of random effects (16)
Scrolls
 j - 3 scrolls of blinking
 l - 4 scrolls of remove curse
 m - 2 scrolls of amnesia
 r - 2 scrolls of identify
 s - 2 scrolls of enchant weapon
 u - 3 scrolls of summoning
Potions
 d - 5 potions of might
 e - 3 potions of curing
 f - 2 potions of heal wounds
 g - 2 potions of haste
 h - 4 potions of magic
 k - a potion of resistance
 t - a potion of flight


   Skills:
 + Level 15.6 Fighting
 + Level 18.3 Long Blades
 + Level 14.9 Armour
 + Level 7.4 Dodging
 + Level 5.6 Stealth
 + Level 16.0 Shields
 + Level 2.3 Evocations


You had 10 spell levels left.
You didn't know any spells.
Your spell library was empty.

Dungeon Overview and Level Annotations

Branches:
Dungeon (1/1)

Altars:
Cheibriados
Dithmenos
Elyvilon
Fedhas
Gozag
Hepliaklqana
Kikubaaqudgha
Makhleb
Nemelex Xobeh
Okawaru
Qazlal
Ru
Sif Muna
Trog
Uskayaw
Vehumet
Wu Jian
Xom
Yredelemnul
Zin
The Shining One
Beogh
Jiyva
Lugonu

Shops:
D !=?


Innate Abilities, Weirdness & Mutations

You reflexively headbutt those who attack you in melee.
You have a pair of horns on your head.


Message History

You hit the soul eater.
The soul eater convulses.
The soul eater is lightly wounded.
You feel sick.
The orc high priest becomes distracted by the nearby gold, dreaming of imaginary riches.
The soul eater hits you but does no damage.
Unknown command.
You feel better.
The smoke demon disappears in a puff of smoke!
The orc high priest is no longer distracted by gold. x2
The orc high priest complains loudly.
The orc high priest prays to Beogh.
The orc high priest mumbles some strange prayers to Beogh. x2
The soul eater draws from the surrounding life force!
* * * LOW HITPOINT WARNING * * *
The soul eater is healed.
The orc high priest jeers loudly, as Orcs often do.
The orc high priest mumbles some strange prayers to Beogh against you.
Beogh smites you!
You die...
Your body crumbles into a pile of gold.

()(.....'...[[))..'______________
▓▓▓▓▓▓▓▓▓▓▓▓▓▓▓▓▓▓▓▓▓▓▓▓▓▓▓▓▓▓▓▓▓
.................................
▓▓▓▓▓▓▓▓▓▓▓▓▓▓▓▓▓▓▓▓▓▓▓▓▓▓▓▓▓▓▓▓▓
.[[..'[...........'.........'....
▓▓▓▓▓▓▓▓▓▓▓▓▓▓▓▓▓▓▓▓▓▓▓▓▓▓▓▓▓▓▓▓▓
.......)....................)....
▓▓▓▓▓▓▓▓▓▓▓▓▓▓▓▓▓▓▓▓▓▓▓▓▓▓▓▓▓▓▓▓▓


$$$$$ $oo4ooo3@$$$.....)).....' ▓▓▓▓▓▓▓▓▓▓▓▓▓▓▓▓▓▓▓▓▓▓▓▓ You could see a soul
eater (summoned), 4 orc high priests, a red devil (summoned) and an orc priest.

Vanquished Creatures
  An ettin (D)
  Erolcha (D)
  3 orc high priests (D)
  A skeletal warrior (D)
  An unseen horror (D)
  3 orc knights (D)
  A cyclops (D)
  An ugly thing (D)
  A black mamba (D)
  6 cane toads (D)
  A rime drake (D)
  2 komodo dragons (D)
  A polar bear (D)
  A troll (D)
  A tyrant leech (D)
  4 blink frogs (D)
  2 yaks (D)
  A vampire mosquito (D)
  A soldier ant (D)
  2 water moccasins (D)
  8 orc warriors (D)
  2 wolves (D)
  A centaur (D)
  5 bullfrogs (D)
  A scorpion (D)
  A killer bee (D)
  A howler monkey (D)
  3 orc priests (D)
  4 orc wizards (D)
  A white imp (D)
  An ufetubus (D)
  A leopard gecko (D)
  8 orcs (D)
  2 goblins (D)
  A hobgoblin (D)
  2 kobolds (D)
  A giant cockroach zombie (D)
78 creatures vanquished.

Notes
Turn   | Place    | Note
-------+----------+-------------------------------------------
     0 | D        | mhtbhm the Minotaur Fighter began the quest for the Orb.
     0 | D        | Reached XP level 1. HP: 19/19 MP: 0/0
   227 | D        | Noticed a centaur
   227 | D        | Noticed a howler monkey
   229 | D        | Reached XP level 2. HP: 28/28 MP: 1/1
   233 | D        | Reached skill level 3 in Long Blades
   234 | D        | Killed a howler monkey
   235 | D        | Reached skill level 5 in Fighting
   235 | D        | Reached skill level 4 in Long Blades
   235 | D        | Reached skill level 5 in Shields
   235 | D        | Reached XP level 3. HP: 32/36 MP: 2/2
   237 | D        | Killed a centaur
   238 | D        | Reached skill level 5 in Long Blades
   238 | D        | Reached XP level 4. HP: 35/45 MP: 3/3
   243 | D        | Found a roughly hewn altar of Beogh.
   243 | D        | Found a snail-covered altar of Cheibriados.
   243 | D        | Found a shadowy altar of Dithmenos.
   243 | D        | Found a white marble altar of Elyvilon.
   243 | D        | Found a blossoming altar of Fedhas.
   243 | D        | Found an opulent altar of Gozag.
   244 | D        | Found a hazy altar of Hepliaklqana.
   245 | D        | Found a viscous altar of Jiyva.
   246 | D        | Found an ancient bone altar of Kikubaaqudgha.
   247 | D        | Found a corrupted altar of Lugonu.
   248 | D        | Found a burning altar of Makhleb.
   249 | D        | Found a sparkling altar of Nemelex Xobeh.
   252 | D        | Found an iron altar of Okawaru.
   253 | D        | Became a worshipper of Gozag Ym Sagoz the Greedy
   254 | D        | Found a stormy altar of Qazlal.
   255 | D        | Found a sacrificial altar of Ru.
   256 | D        | Found a shimmering blue altar of Sif Muna.
   257 | D        | Found a bloodstained altar of Trog.
   258 | D        | Found a hide-covered altar of Uskayaw.
   259 | D        | Found a radiant altar of Vehumet.
   260 | D        | Found an ornate altar of the Wu Jian Council.
   261 | D        | Found a shimmering altar of Xom.
   262 | D        | Found a basalt altar of Yredelemnul.
   263 | D        | Found a glowing silver altar of Zin.
   264 | D        | Found a glowing golden altar of the Shining One.
   323 | D        | Noticed a troll
   323 | D        | Noticed a water moccasin
   329 | D        | Reached XP level 5. HP: 43/52 MP: 4/4
   337 | D        | Reached skill level 6 in Long Blades
   340 | D        | Killed a water moccasin
   341 | D        | Reached skill level 7 in Long Blades
   341 | D        | Reached skill level 1 in Dodging
   341 | D        | Reached XP level 6. HP: 50/62 MP: 5/5
   343 | D        | Killed a troll
   344 | D        | Reached skill level 8 in Long Blades
   344 | D        | Reached skill level 10 in Armour
   344 | D        | Reached skill level 1 in Stealth
   344 | D        | Reached XP level 7. HP: 56/70 MP: 6/6
   474 | D        | Noticed a komodo dragon
   474 | D        | Noticed a purple ugly thing
   474 | D        | Noticed a cyclops
   474 | D        | Noticed a skeletal warrior
   480 | D        | Killed an unseen horror
   481 | D        | Reached skill level 10 in Fighting
   481 | D        | Reached skill level 10 in Long Blades
   481 | D        | Reached XP level 8. HP: 65/79 MP: 7/7
   491 | D        | Killed a skeletal warrior
   492 | D        | Reached skill level 11 in Long Blades
   496 | D        | Reached skill level 12 in Long Blades
   503 | D        | Killed a cyclops
   504 | D        | Reached XP level 9. HP: 35/89 MP: 8/8
   517 | D        | Killed a brown ugly thing
   518 | D        | Reached skill level 13 in Long Blades
   529 | D        | Killed a komodo dragon
   849 | D        | Noticed a cane toad
   849 | D        | Noticed a cane toad
   849 | D        | Noticed a cane toad
   851 | D        | Noticed a komodo dragon
   853 | D        | Reached skill level 14 in Long Blades
   856 | D        | Killed a cane toad
   857 | D        | Noticed a black mamba
   859 | D        | Killed a cane toad
   863 | D        | Killed a cane toad
   874 | D        | Reached skill level 15 in Long Blades
   874 | D        | Reached XP level 10. HP: 49/97 MP: 9/9
   891 | D        | Killed a black mamba
  1206 | D        | Noticed a cane toad
  1211 | D        | Killed a cane toad
  1220 | D        | Reached skill level 16 in Long Blades
  1220 | D        | Reached skill level 5 in Dodging
  1359 | D        | Noticed a cane toad
  1365 | D        | Killed a cane toad
  1418 | D        | Noticed a cane toad
  1442 | D        | Killed a cane toad
  1443 | D        | Reached skill level 17 in Long Blades
  1653 | D        | Noticed Erolcha
  1665 | D        | Killed Erolcha
  1666 | D        | Reached XP level 11. HP: 80/110 MP: 10/10
  1807 | D        | Noticed an ettin
  1823 | D        | Killed an ettin
  1824 | D        | Reached skill level 15 in Shields
  2066 | D        | Noticed an orc knight
  2066 | D        | Noticed an orc knight
  2451 | D        | Reached skill level 1 in Evocations
  2475 | D        | Killed an orc knight
  2476 | D        | Reached skill level 5 in Stealth
  2570 | D        | Killed an orc knight
  2924 | D        | Noticed an orc knight
  2933 | D        | Reached skill level 18 in Long Blades
  2943 | D        | Killed an orc knight
  2944 | D        | Reached skill level 15 in Fighting
  3141 | D        | Found Konang's Magic Scroll Boutique.
  3141 | D        | Noticed an orc high priest
  3141 | D        | Noticed an orc high priest
  3141 | D        | Noticed an orc high priest
  3141 | D        | Noticed an orc high priest
  3141 | D        | Noticed an orc high priest
  3145 | D        | Noticed a soul eater
  3148 | D        | Killed an orc high priest
  3149 | D        | Noticed a sixfirhy
  3159 | D        | Killed an orc high priest
  3160 | D        | Noticed an orc high priest
  3166 | D        | Found Raesat's Jewellery Shop.
  3175 | D        | Killed an orc high priest
  3176 | D        | Found Fasoader's Distillery.
  3176 | D        | Noticed an orc high priest
  3181 | D        | Killed from afar by an orc high priest

Illustrated notes

Levels and vault maps discovered:
D:        linesprint [early_d, line_temple, items_1, d_10, items_2, lair_1,
          lair_end, items_3, orc_1, orc_end, items_4, d_15, swamp_1, shoals_1,
          snake_1, spider_1, d_20, vaults_1, items_5, swamp_end, shoals_end,
          snake_end, spider_end, vaults_end, d_27, items_6, zot_1, zot_end,
          crypt_end, forest_end, elf_end, slime_end, tomb_end, abyss_end,
          pan_hell_end]

Skill      XL: |  1  2  3  4  5  6  7  8  9 10 11 |
---------------+----------------------------------+-----
Fighting       | 4 5 6 7 8 9 10 11 12 14 15 | 15.6
Armour         | 4 6 7 8 9 10 11 12 13 14 | 14.9
Shields        | 4 5 6 7 9 11 12 13 14 16 | 16.0
Long Blades    | 4 5 7 8 10 12 15 17 18 | 18.3
Dodging        | 1 2 3 4 6 7 |  7.4
Stealth        | 1 2 3 4 5 |  5.6
Evocations     | 2 |  2.3

Action                   |  1- 3 |  4- 6 |  7- 9 | 10-12 || total
-------------------------+-------+-------+-------+-------++-------
Melee: Long sword        |    23 |     1 |       |       ||    24
       Headbutt          |     4 |     4 |    20 |    39 ||    67
       Scimitar          |       |    17 |    74 |   230 ||   321
Invok: Potion Petition   |       |       |       |     1 ||     1
Evoke: Wand              |       |     1 |       |     6 ||     7
  Use: Potion            |       |       |     3 |     4 ||     7
       Scroll            |       |       |       |     1 ||     1
 Stab: Distracted        |       |     1 |       |     2 ||     3
       Invisible         |       |       |     1 |       ||     1
       Confused          |       |       |       |     1 ||     1
Armor: Scale mail        |     5 |     3 |     7 |    25 ||    40
Dodge: Dodged            |     4 |     6 |    10 |    40 ||    60
Block: Kite shield       |    13 |    15 |    25 |    80 ||   133
       Rpst.: Scimitar   |       |     1 |     3 |     9 ||    13

Table legend: (Time is in decaauts)
 A = Elapsed time spent in this place.
 B = Non-inter-level travel time spent in this place.
 C = Inter-level travel time spent in this place.
 D = Time resting spent in this place.
 E = Time spent auto-exploring this place.
 F = Levels seen in this place.
 G = Mean time per level.
                   A        B        C        D        E       F      G
               +--------+--------+--------+--------+--------+-----+--------+
         Total |   3116 |   3116 |      0 |   1980 |    239 |   1 | 3116.0 |
       Dungeon |   3116 |   3116 |      0 |   1980 |    239 |   1 | 3116.0 |
               +--------+--------+--------+--------+--------+-----+--------+

Top non-repeatable levels by time:
       D: 3116 daAuts
